 Dungeon Crawl Stone Soup version 0.28.0-47-ge53b351184 (webtiles) character file.

Game seed: 12418021964395582778

91 Bruhh the Changer (level 4, -10/35 HPs)
             Began as a Draconian Transmuter on Apr 30, 2022.
             Killed by nerve-wracking pain
             ... invoked by an orc priest
              (14 damage)
             ... on level 3 of the Dungeon.
             The game lasted 00:04:32 (2851 turns).

Bruhh the Changer (Draconian Transmuter)            Turns: 2851, Time: 00:04:39

Health: -10/35     AC:  2    Str: 12    XL:     4   Next: 34%
Magic:  2/8        EV: 19    Int: 16    God:
Gold:   113        SH:  5    Dex: 16    Spells: 2/8 levels left

rFire   . . .      SeeInvis .     - Unarmed
rCold   . . .      Faith    .   (shield currently unavailable)
rNeg    . . .      Spirit   .   (armour unavailable)
rPois   x          Reflect  +   (helmet currently unavailable)
rElec   .          Harm     .   (cloak currently unavailable)
rCorr   .          Rampage  .   (gloves currently unavailable)
Will    .....                   (boots currently unavailable)
Stlth   +.........              g - amulet of reflection
HPRegen 0.11/turn               (no ring)
MPRegen 0.11/turn               (no ring)

@: spider-form (expiring), very slightly contaminated
A: venomous fangs, AC +5, tiny, unfitting armour, (cold-blooded)
a: End Transformation


You were on level 3 of the Dungeon.
You were a venomous arachnid creature.
You visited 1 branch of the dungeon, and saw 3 of its levels.

You collected 113 gold pieces.

Inventory:

Hand Weapons
 c - a +1 dagger of speed (melded)
Armour
 b - a +0 helmet
Jewellery
 g - an amulet of reflection (around neck)
Scrolls
 a - a scroll of blinking {unknown}
 e - 2 scrolls of identify {unknown}
 h - a scroll of summoning {unknown}
Potions
 d - a potion of lignification {unknown}
 f - a potion of curing {unknown}


   Skills:
 - Level 1.1 Fighting
 - Level 1.7 Dodging
 - Level 3.0 Unarmed Combat
 + Level 2.9 Spellcasting
 * Level 4.0 Transmutations


You had 2 spell levels left.
You knew the following spells:

 Your Spells              Type           Power      Damage    Failure   Level
a - Beastly Appendage     Tmut           30%        N/A       12%         1
b - Wereblood             Tmut           15%        N/A       16%         2
c - Spider Form           Tmut/Pois      8%         N/A       47%         3

Your spell library contained the following spells:

 Spells                   Type           Power      Damage    Failure   Level
 Ice Form                 Ice/Tmut       8%         N/A       82%         4


Dungeon Overview and Level Annotations

Branches:
Dungeon (3/15)

Altars:


Innate Abilities, Weirdness & Mutations

You are a venomous arachnid creature.
You have poisonous fangs.
You are tiny and dextrous.
Your spellcasting is less reliable in this form.
Your armour is entirely melded.
You are incapable of wielding weapons or throwing items.
((Your plain brown scales are hard. (AC +5)))
You cannot fit into any form of body armour.
((You are cold-blooded and may be slowed by cold attacks.))


Message History

Okay, then.
You see here a +0 dagger.
There is a stone staircase leading down here.
Things that are here:
a +0 mace; a +0 chain mail
Casting: Beastly Appendage (safe; 3% risk of failure)
Confirm with . or Enter, or press ? or * to list all spells.
You don't know that spell.
Casting: Beastly Appendage (safe; 3% risk of failure)
Confirm with . or Enter, or press ? or * to list all spells.
You don't know that spell.
Casting: Beastly Appendage (safe; 3% risk of failure)
Confirm with . or Enter, or press ? or * to list all spells.
The spell is quite dangerous to miscast (26% risk of failure)!
Continue anyway?
You miscast Spider Form.
You are very lightly contaminated with residual magic.
Nothing appears to happen.
Casting: Spider Form (quite dangerous; 26% risk of failure)
Confirm with . or Enter, or press ? or * to list all spells.
The spell is quite dangerous to miscast (26% risk of failure)!
Continue anyway?
You turn into a venomous arachnid creature.
Your +1 dagger of speed melds into your body.
You climb downwards.
There is a stone staircase leading up, spattered with blood here.
The orc priest looks braver for a moment.
Your transformation is almost over.
The orc priest hits you with a +0 short sword.
The orc priest mumbles some strange prayers to Beogh against you.
Beogh smites you!
You are too injured to fight recklessly!
You are too injured to fight recklessly!
You are too injured to fight recklessly!
You hit the orc priest but do no damage.
The orc priest is poisoned.
The orc priest mumbles some strange prayers to Beogh against you.
Beogh smites you!
* * * LOW HITPOINT WARNING * * *
The orc priest invokes the aid of Beogh against you.
Pain shoots through your body!
You die...

###.# ###.##### #.#.#o.#
#.#.### #.# #.#†#..####
(.....# #.# #.........#
#...#.###.############.###.#
........................##.#
..........############..##.#
#.##..##..#....#...........#
#.###.....#.##.#.#########.#
#.# #.....#.##oos.(..# ###
#.# #.....#.####.#.###
#.###.......# #<.#.#
........#.#####..#.#
#.##.............#.#
#.......#.#####....#
####.##...# ###### #.###..#
#.###..#


You could see 2 orc priests.

Vanquished Creatures
  Terence (D:2)
  An adder (D:2)
  2 worms (D:2)
  3 dart slugs (D:1)
  3 orcs
  7 ball pythons
  4 bats
  3 endoplasms (D:2)
  2 giant cockroaches (D:1)
  4 goblins
  A hobgoblin (D:1)
  4 quokkas
  3 frilled lizards
  A kobold (D:1)
  6 rats
45 creatures vanquished.

Notes
Turn   | Place    | Note
-------+----------+-------------------------------------------
     0 | D:1      | Bruhh the Draconian Transmuter began the quest for the Orb.
     0 | D:1      | Reached XP level 1. HP: 16/16 MP: 3/3
   138 | D:1      | Reached XP level 2. HP: 15/23 MP: 1/5
   889 | D:1      | Reached skill level 3 in Transmutations
  1094 | D:2      | Reached XP level 3. HP: 28/28 MP: 4/6
  1202 | D:2      | Noticed Terence
  1213 | D:2      | Killed Terence
  1318 | D:2      | Reached XP level 4. HP: 21/35 MP: 6/8
  1392 | D:2      | Learned a level 2 spell: Wereblood
  1396 | D:2      | Learned a level 3 spell: Spider Form
  1785 | D:2      | Found a faded altar of an unknown god.
  2610 | D:2      | Reached skill level 4 in Transmutations
  2851 | D:3      | Killed from afar by an orc priest

Illustrated notes

Levels and vault maps discovered:
D:1:      dpeg_arrival_tiny_f, layout_basic, corexii_hall_statues_t,
          minmay_3d_cube
D:2:      layout_rooms, shapermc_ecumenical_altar_acropolis, uniq_terence
D:3:      layout_basic, minmay_rat_hole

Skill      XL: |  1  2  3  4 |
---------------+-------------+-----
Transmutations | 3 4 |  4.0
Fighting       | |  1.1
Dodging        | |  1.7
Unarmed Combat | |  3.0
Spellcasting   | |  2.9

Action                   |  1- 3 |  4- 6 || total
-------------------------+-------+-------++-------
Melee: Unarmed           |    29 |     1 ||    30
       Tailslap          |    11 |     6 ||    17
       Kick              |    21 |     6 ||    27
       Headbutt          |    13 |     7 ||    20
       Dagger            |    53 |    48 ||   101
       Punch             |     2 |     1 ||     3
 Cast: Beastly Appendage |    22 |    10 ||    32
       Spider Form       |       |     2 ||     2
Armor: Skin              |    23 |    19 ||    42
Dodge: Dodged            |    67 |    33 ||   100
Block: Other             |       |     7 ||     7
       Reflection        |       |     1 ||     1
